 Seeded DCSS version 0.30-a0-777-ga9a30cb (webtiles) character file.

Game seed: 8324729408565558965 (custom seed)

149557 brinewave the Warrior (level 17, -56/122 HPs)
             Began as a Tengu Fighter on Feb 12, 2023.
             Was the Champion of Okawaru.
             Annihilated by a very large slime creature (68 damage)
             ... on level 15 of the Dungeon on Feb 13, 2023.
             The game lasted 02:22:25 (28641 turns).

brinewave the Warrior (Tengu Fighter)              Turns: 28641, Time: 02:22:26

Health: -56/122    AC: 28    Str: 31    XL:     17   Next: 51%
Magic:  21/21      EV: 15    Int:  9    God:    Okawaru [******]
Gold:   575        SH: 14    Dex: 13    Spells: 16/16 levels left

rFire   . . .      SeeInvis +    b - +3 demon trident of the Lamprey {elec, Drain *Slow rElec rCorr}
rCold   . . .      Faith    .    Z - +0 kite shield
rNeg    + . .      Spirit   .    f - +4 plate armour {Will+}
rPois   +          Reflect  +    W - +0 hat of Ytuiclip {rN+ Stlth+}
rElec   +          Harm     .    s - +2 cloak {rPois}
rCorr   +          Rampage  .    C - +2 pair of gloves
Will    ++...                    (boots unavailable) Stlth
                                 R - amulet of reflection
HPRegen 0.40/turn                i - +6 ring of strength
MPRegen 0.17/turn                n - ring of see invisible

@: about to teleport, flying quickly and evasively, studying Dodging, quick
A: beak, talons 3, nimble flight
a: Renounce Religion, Heroism, Finesse, Duel


You were on level 15 of the Dungeon.
You worshipped Okawaru.
Okawaru was exalted by your worship.
You visited 4 branches of the dungeon, and saw 23 of its levels.
You also visited: Bailey and Gauntlet.

You collected 2696 gold pieces.
You spent 2121 gold pieces at shops.

Inventory:

Hand Weapons
 b - the +3 demon trident of the Lamprey (weapon) {elec, Drain *Slow rElec rCorr}
   (Okawaru gifted it to you on level 1 of the Lair of Beasts)

   rElec:     It insulates you from electricity.
   rCorr:     It protects you from acid and corrosion.
   Drain:     It drains your maximum health when unequipped.
   *Slow:     It may slow you when you take damage.
 h - a +2 heavy trident
 u - a +2 halberd of freezing
Missiles
 t - 32 boomerangs
 z - 72 poisoned darts
 E - 28 javelins (quivered)
 G - 6 curare-tipped darts
 K - 7 silver javelins
 L - 2 silver boomerangs
 T - 3 boomerangs of dispersal
Armour
 f - a +4 plate armour of willpower (worn)
 s - a +2 cloak of poison resistance (worn)
 C - a +2 pair of gloves (worn)
 N - +3 pearl dragon scales
 U - a +0 chain mail of fire resistance
 V - the +0 ice dragon scales of Light {rF- rC++ rCorr}
   (Okawaru gifted it to you on level 2 of the Orcish Mines)

   rF:        It makes you vulnerable to fire.
   rC:        It greatly protects you from cold.
   rCorr:     It protects you from acid and corrosion.
 W - the +0 hat of Ytuiclip (worn) {rN+ Stlth+}
   (You acquired it on level 2 of the Orcish Mines)

   rN:        It protects you from negative energy.
   Stlth:     It makes you more stealthy.
 Z - a +0 kite shield (worn)
Jewellery
 a - a ring of resist corrosion
 i - a +6 ring of strength (left hand)
 n - a ring of see invisible (right hand)
 y - a ring of protection from fire
 H - a ring of positive energy
 I - a +5 ring of evasion
 R - an amulet of reflection (around neck)
Wands
 c - a wand of flame (36)
 e - a wand of light (15)
 D - a wand of digging (3)
 F - a wand of paralysis (21)
 S - a wand of mindburst (14)
 Y - a wand of iceblast (9)
Scrolls
 g - 7 scrolls of teleportation
 m - 4 scrolls of fog
 r - 3 scrolls of fear
 v - 3 scrolls of blinking
 x - 4 scrolls of brand weapon
 A - a scroll of magic mapping
 J - 3 scrolls of poison
 O - 3 scrolls of enchant weapon
Potions
 d - 3 potions of might
 k - 5 potions of heal wounds
 o - 3 potions of cancellation
 p - 4 potions of curing
 q - a potion of resistance
 w - 3 potions of ambrosia
 B - 4 potions of haste
 M - 4 potions of berserk rage
 P - 4 potions of invisibility
 X - a potion of mutation
Miscellaneous
 j - a lightning rod (4/4)
 l - a tin of tremorstones (2/2)
 Q - a condenser vane


   Skills:
 + Level 19.6 Fighting
 - Level 18.0 Polearms
 - Level 16.2 Armour
 + Level 14.0 Dodging
 + Level 5.6 Shields
 + Level 5.1 Invocations


You had 16 spell levels left.
You didn't know any spells.
Your spell library contained the following spells:

 Spells                   Type           Power      Damage    Failure   Level
 Ensorcelled Hibernation  Hex/Ice        0%         N/A       100%        2
 Passwall                 Tmut/Erth      0%         N/A       100%        2
 Static Discharge         Conj/Air       0%         2-2/arc   100%        2
 Dazzling Flash           Conj/Hex       0%         N/A       100%        3
 Gell's Gravitas          Tloc           0%         N/A       100%        3
 Swiftness                Air            0%         N/A       100%        3
 Teleport Other           Tloc           0%         N/A       100%        3
 Vhi's Electric Charge    Tloc/Air       0%         N/A       100%        3
 Iskenderun's Mystic Bla  Conj/Tloc      0%         2d3       100%        4
 Passage of Golubria      Tloc           0%         N/A       100%        4
 Arcjolt                  Conj/Air       0%         1d10      100%        5
 Lightning Bolt           Conj/Air       0%         1d11      100%        5
 Silence                  Hex/Air        0%         N/A       100%        5
 Dispersal                Tloc           0%         N/A       100%        6
 Starburst                Conj/Fire      0%         6d3       100%        6
 Lehudib's Crystal Spear  Conj/Erth      0%         10d2      100%        8
 Maxwell's Capacitive Co  Air            0%         ∞         100%        8


Dungeon Overview and Level Annotations

Branches:
Dungeon (15/15)            Temple (1/1) D:4            Lair (5/5) D:11
 Shoals (0/4) Lair:2        Snake (0/4) Lair:2        Slime (0/5) Lair:4
    Orc (2/2) D:10            Elf (0/3) Orc:2        Vaults (0/5) D:13
 Bailey (visited)         Gauntlet (visited)
 Depths: D:15

Altars:
Ashenzari
Cheibriados
Dithmenos
Elyvilon
Fedhas
Gozag
Hepliaklqana
Kikubaaqudgha
Makhleb
Nemelex Xobeh
Okawaru
Qazlal
Ru
Sif Muna
Trog
Uskayaw
Vehumet
Wu Jian
Xom
Yredelemnul
Zin
The Shining One
Jiyva

Shops:
D:2 (:=   D:7 ?   Orc:1 !*!   Orc:2 =(*?


Innate Abilities, Weirdness & Mutations

You have a beak for a mouth.
You have claws for feet.
Your magical nature lets you fly swiftly and evasively.


Message History

The white ugly thing misses you.
You barely miss the white ugly thing. You claw the white ugly thing!
The white ugly thing is moderately wounded.
The white ugly thing headbutts you but does no damage.
You puncture the white ugly thing! You claw the white ugly thing!
The white ugly thing is heavily wounded.
The moth of wrath goads the very large slime creature on!
The very large slime creature goes berserk!
You block the white ugly thing's attack.
You closely miss the white ugly thing. You claw the white ugly thing.
You peck the white ugly thing.
The white ugly thing is severely wounded.
The moth of wrath goads something on!
You impale the white ugly thing!!
You kill the white ugly thing!
Okawaru accepts your kill.
The moth of wrath changes into a tarantella!
You block the very large slime creature's attack.
The very large slime creature attacks as you move away!
You block the very large slime creature's attack.
You hear a shout!
The very large slime creature completely misses you.
You block the very large slime creature's attack.
You block the very large slime creature's attack.
The very large slime creature hits you!!!
* * * LOW HITPOINT WARNING * * *
You hear a shout!
Press: ? - help, v - describe, . - travel The floor, spattered with blood.
Unknown command.
Blink to where?
Press: ? - help, Dir - move target
As you read the scroll of blinking, it crumbles to dust.
As you read the scroll of teleportation, it crumbles to dust.
You feel strangely unstable.
You hear a shout!
The very large slime creature attacks as you move away!
The very large slime creature hits you!!!
Ouch! That really hurt!
You die...

#.## ##. #..# #.. ####
##.## ##...## #.....#
##### #..†..#
#...####### ###...#
#.#.C...J.###.##u##
#...#####@##...#J#######
##.## #.#....J........
#.# #.##...##.###.## #.#
#....u....# #C#
#####.##### #.#
#.####### #####.#####
##........ #.........#
##...######
#####.......#.#
##.....##


You could see a very large slime creature (berserk) and a cyclops (berserk).

Vanquished Creatures
  Rupert (Lair:4)
  Kirke (D:12)
  Gastronok (Lair:3)
  A frost giant (D:13)
  Louise (D:15)
  An ironbound preserver (D:13)
  2 very ugly things (D:15)
  Azrael (D:12)
  Nessos (Orc:2)
  A minotaur (Gauntlet)
  Snorg (Lair:4)
  Josephine (Orc:2)
  A rakshasa (D:13)
  7 hydras
  2 ogre magi
  Erolcha (D:13)
  3 catoblepae (Lair:5)
  5 two-headed ogres
  10 centaur warriors
  6 boulder beetles
  17 death yaks
  A tengu warrior (D:13)
  5 orc high priests (Orc:2)
  Sonja (Orc:1)
  Urug (Lair:5)
  The ghost of blackthorn the Destroyer, a novice DEBr of Vehumet (Orc:1)
  2 glowing orange brains (Gauntlet)
  2 skysharks
  A wizard (D:14)
  2 deep elf pyromancers (D:13)
  A lindwurm (Lair:4)
  A phantasmal warrior (D:13)
  4 oklob plants (Lair:4)
  9 orc knights
  9 ugly things
  5 manticores
  8 cyclopes
  10 elephants (Lair:5)
  2 black mambas
  2 gargoyles (D:12)
  2 unseen horrors (D:13)
  9 cane toads
  3 rime drakes
  An efreet (D:14)
  4 tengu conjurers
  4 komodo dragons
  The ghost of fearitself the Cudgeller, a novice VSWn (D:5)
  7 trolls
  A merfolk (Lair:2)
  2 queen bees
  4 polar bears
  7 meliai
  Grinder (D:5)
  19 blink frogs
  A centaur simulacrum (D:15)
  2 slime creatures (D:15)
  8 wraiths
  A shadow (D:13)
  3 wyverns
  61 yaks
  2 humans (D:12)
  2 fire elementals (D:12)
  4 hogs (D:12)
  6 basilisks
  3 steam dragons
  A human (shapeshifter) (D:13)
  6 vampire mosquitoes
  3 swamp worms (Gauntlet)
  3 wargs
  An acid dragon (D:9)
  16 water moccasins
  2 hell hounds (D:12)
  An ice beast (D:5)
  47 orc warriors
  4 black bears
  A sky beast (shapeshifter) (D:13)
  A sky beast (D:7)
  17 ogres
  14 wolves
  20 centaurs
  A phantom (D:6)
  Blork the orc (D:5)
  4 kobold brigands
  9 bullfrogs
  6 scorpions
  A cane toad simulacrum (Lair:3)
  2 necrophages
  2 gnoll sergeants
  8 wights
  An elephant simulacrum (Lair:3)
  54 killer bees
  8 howler monkeys
  2 electric eels
  6 hounds
  A jelly (D:5)
  A gnoll bouda (D:10)
  31 orc priests
  Jessica (D:3)
  3 iguanas
  Ijyb (D:5)
  21 orc wizards
  6 hell rats
  A polar bear simulacrum (Lair:3)
  A wolf simulacrum (Lair:3)
  15 gnolls
  4 adders
  A river rat (D:11)
  A shadow imp (D:6)
  2 white imps
  2 ufetubi
  A worm (D:3)
  3 dart slugs
  109 orcs
  6 ball pythons
  6 bats
  12 endoplasms
  4 giant cockroaches
  8 goblins
  6 hobgoblins
  5 jackals
  3 quokkas
  3 frilled lizards
  24 kobolds
  15 rats
  A butterfly (Lair:4)
830 creatures vanquished.

Vanquished Creatures (others)
  A human (D:5)
  19 fungi
  82 plants
102 creatures vanquished.

Grand Total: 932 creatures vanquished

Notes
Turn   | Place    | Note
-------+----------+-------------------------------------------
     0 | D:1      | brinewave the Tengu Fighter began the quest for the Orb.
     0 | D:1      | Reached XP level 1. HP: 14/14 MP: 2/2
    23 | D:1      | Noticed a water moccasin
    23 | D:1      | Noticed a hound
    24 | D:1      | Noticed an iguana
   133 | D:1      | Reached XP level 2. HP: 19/19 MP: 3/3
   583 | D:1      | Reached XP level 3. HP: 23/23 MP: 4/4
  1099 | D:2      | Found Caq Uru's Jewellery Shop.
  1259 | D:2      | Reached XP level 4. HP: 29/29 MP: 5/5
  1306 | D:2      | Found Miusei's Book Boutique.
  1337 | D:2      | Found Usocics's Antique Weapon Shop.
  1757 | D:3      | Found the +2 ratskin cloak {*Rats rPois rN+ Str-1 Int-1
                  | Dex+1}
  1857 | D:3      | Reached skill level 4 in Fighting
  1868 | D:3      | Gained mutation: Your magical nature lets you fly swiftly
                  | and evasively. [Tengu growth]
  1868 | D:3      | Reached XP level 5. HP: 33/33 MP: 6/6
  2230 | D:3      | Found a bloodstained altar of Trog.
  2247 | D:3      | Noticed Jessica
  2250 | D:3      | Killed Jessica
  2393 | D:3      | Found a shadowy altar of Dithmenos.
  2394 | D:3      | Found a basalt altar of Yredelemnul.
  2412 | D:3      | Reached XP level 6. HP: 39/39 MP: 7/7
  2714 | D:4      | Noticed a black bear
  2717 | D:4      | Reached skill level 5 in Armour
  2882 | D:4      | Killed a black bear
  2883 | D:4      | Reached skill level 5 in Fighting
  2883 | D:4      | Reached skill level 5 in Polearms
  2883 | D:4      | Reached XP level 7. HP: 44/44 MP: 8/8
  3006 | D:4      | Found a staircase to the Ecumenical Temple.
  3029 | Temple   | Entered the Ecumenical Temple
  3344 | D:5      | Entered Level 5 of the Dungeon
  3628 | D:5      | Found an ancient bone altar of Kikubaaqudgha.
  3629 | D:5      | Noticed a human
  3632 | D:5      | Noticed Grinder
  3633 | D:5      | Killed a human
  3642 | D:5      | Killed Grinder
  3643 | D:5      | Reached skill level 6 in Fighting
  3643 | D:5      | Reached XP level 8. HP: 30/51 MP: 9/9
  3812 | D:5      | Found a runed translucent gate.
  3814 | D:5      | Found a runed translucent gate.
  3815 | D:5      | Found a runed translucent gate.
  3818 | D:5      | Noticed fearitself's ghost (novice VSWn)
  3850 | D:5      | Noticed Ijyb
  3865 | D:5      | Paralysed by Ijyb for 5 turns
  3874 | D:5      | Killed Ijyb
  4173 | D:5      | HP: 1/52 [water moccasin (3)]
  4346 | D:5      | Noticed Blork the orc
  4355 | D:5      | Killed Blork the orc
  4601 | D:5      | Upgraded the game from 0.30-a0-774-g4aa5aa1 to
                  | 0.30-a0-776-g08fbeb9
  4726 | D:6      | Reached skill level 7 in Fighting
  4811 | D:6      | Reached XP level 9. HP: 55/57 MP: 10/10
  4980 | D:6      | Found a snail-covered altar of Cheibriados.
  5032 | D:6      | Found a sparkling altar of Nemelex Xobeh.
  5301 | D:6      | Found a shimmering blue altar of Sif Muna.
  5365 | D:6      | Found a glowing golden altar of the Shining One.
  5365 | D:6      | Found a white marble altar of Elyvilon.
  5573 | D:7      | Reached skill level 8 in Fighting
  5597 | D:7      | Found a flagged portal.
  5666 | Bailey   | Entered a bailey
  6222 | Bailey   | Reached XP level 10. HP: 61/65 MP: 11/11
  6906 | Bailey   | Reached skill level 9 in Fighting
  7516 | D:7      | Reached skill level 10 in Armour
  7712 | D:7      | Found Rojuh's Magic Scroll Shop.
  7720 | D:7      | Bought a scroll of identify for 28 gold pieces
  7720 | D:7      | Bought a scroll of fog for 56 gold pieces
  7720 | D:7      | Bought a scroll of identify for 28 gold pieces
  7720 | D:7      | Bought a scroll of identify for 28 gold pieces
  7720 | D:7      | Bought a scroll of immolation for 56 gold pieces
  7720 | D:7      | Bought a scroll of magic mapping for 105 gold pieces
  7720 | D:7      | Bought a scroll of brand weapon for 133 gold pieces
  8100 | D:7      | Upgraded the game from 0.30-a0-776-g08fbeb9 to
                  | 0.30-a0-777-ga9a30cb
  8341 | D:8      | Reached skill level 10 in Polearms
  8562 | D:8      | Reached skill level 10 in Fighting
  8918 | D:8      | Found a transporter.
  8923 | D:8      | Found a transporter.
  9115 | D:8      | Reached XP level 11. HP: 65/73 MP: 12/12
  9192 | D:8      | Found a transporter.
  9235 | D:8      | Found a transporter.
  9383 | D:8      | Reached skill level 11 in Fighting
  9384 | D:8      | Found a hazy altar of Hepliaklqana.
  9386 | D:8      | Found an iron altar of Okawaru.
  9386 | D:8      | Found a glowing silver altar of Zin.
  9536 | D:8      | Became a worshipper of Warmaster Okawaru
  9634 | D:5      | Killed fearitself's ghost
  9694 | D:5      | Paralysed by a kobold for 2 turns
 10396 | D:9      | Noticed a two-headed ogre
 10415 | D:9      | Killed a two-headed ogre
 10415 | D:9      | Reached * piety under Okawaru
 10492 | D:9      | Noticed a boulder beetle
 10504 | D:9      | Killed a boulder beetle
 11024 | D:10     | Entered Level 10 of the Dungeon
 11039 | D:10     | Reached skill level 12 in Fighting
 11366 | D:10     | Found a staircase to the Orcish Mines.
 11393 | D:10     | Noticed a two-headed ogre
 11401 | D:10     | Killed a two-headed ogre
 11401 | D:10     | Reached ** piety under Okawaru
 11530 | D:10     | Found a broken altar of Ashenzari.
 12077 | D:11     | Noticed a two-headed ogre
 12196 | D:10     | Killed a two-headed ogre
 12256 | D:11     | Reached *** piety under Okawaru
 12339 | D:11     | Noticed a death yak
 12342 | D:11     | Noticed a death yak
 12344 | D:11     | Noticed a death yak
 12391 | D:11     | Found a staircase to the Lair.
 12485 | Orc:1    | Entered Level 1 of the Orcish Mines
 12485 | Orc:1    | Found Irecseix's Distillery.
 12559 | Orc:1    | Reached skill level 13 in Fighting
 12584 | Orc:1    | Bought a potion of heal wounds for 85 gold pieces
 12584 | Orc:1    | Bought a potion of heal wounds for 85 gold pieces
 12584 | Orc:1    | Bought a potion of attraction for 51 gold pieces
 12876 | Orc:1    | Found Piagoen's Distillery.
 12885 | Orc:1    | Bought a potion of curing for 48 gold pieces
 12885 | Orc:1    | Bought a potion of curing for 48 gold pieces
 12908 | Orc:1    | Noticed a two-headed ogre
 12919 | Orc:1    | Killed a two-headed ogre
 12920 | Orc:1    | Reached XP level 12. HP: 73/84 MP: 13/13
 13091 | Orc:1    | Found a runed translucent gate.
 13091 | Orc:1    | Found a runed translucent gate.
 13091 | Orc:1    | Found a runed translucent gate.
 13099 | Orc:1    | Found an opulent altar of Gozag.
 13100 | Orc:1    | Noticed an ogre mage
 13100 | Orc:1    | Noticed blackthorn's ghost (novice DEBr)
 13102 | Orc:1    | Found Xiarr's Assorted Antiques.
 13218 | Orc:2    | Entered Level 2 of the Orcish Mines
 13239 | Orc:2    | Reached **** piety under Okawaru
 13256 | Orc:2    | Noticed Nessos
 13266 | Orc:2    | Killed Nessos
 13266 | Orc:2    | Received a gift from Okawaru
 13375 | Orc:2    | Found a staircase to the Elven Halls.
 13716 | Orc:2    | Noticed an orc high priest
 13727 | Orc:2    | Killed an orc high priest
 13728 | Orc:2    | Reached skill level 14 in Fighting
 13794 | Orc:2    | Found Okhluw's Jewellery Shoppe.
 14044 | Orc:1    | Noticed Josephine
 14459 | Orc:2    | Reached ***** piety under Okawaru
 14602 | Orc:2    | Noticed an orc high priest
 14609 | Orc:2    | Killed an orc high priest
 14642 | Orc:2    | Noticed an orc high priest
 14650 | Orc:2    | Noticed a sun demon
 14650 | Orc:2    | Noticed a soul eater
 14653 | Orc:2    | Killed an orc high priest
 14723 | Orc:2    | Identified the +0 ice dragon scales of Light {rF- rC++
                  | rCorr} (Okawaru gifted it to you on level 2 of the Orcish
                  | Mines)
 14723 | Orc:2    | Received a gift from Okawaru
 14724 | Orc:2    | Reached skill level 15 in Fighting
 15128 | Orc:2    | Noticed an orc high priest
 15130 | Orc:2    | Noticed a sun demon
 15130 | Orc:2    | Noticed an orc high priest
 15188 | Orc:2    | Killed an orc high priest
 15189 | Orc:2    | Reached XP level 13. HP: 55/92 MP: 6/14
 15337 | Orc:2    | Found Buwoomoi's Weapon Emporium.
 15341 | Orc:2    | Found Sadaany's Magic Scroll Emporium.
 15342 | Orc:2    | Found Hilealast's General Store.
 15343 | Orc:2    | Found Agronwif's Antique Armour Shoppe.
 15346 | Orc:2    | Bought a potion of heal wounds for 65 gold pieces
 15346 | Orc:2    | Bought a scroll of identify for 26 gold pieces
 15347 | Orc:2    | Bought a scroll of fear for 56 gold pieces
 15347 | Orc:2    | Bought a scroll of identify for 28 gold pieces
 15347 | Orc:2    | Bought a scroll of identify for 28 gold pieces
 15347 | Orc:2    | Bought a scroll of identify for 28 gold pieces
 15351 | Orc:2    | Identified 2 scrolls of acquirement
 15353 | Orc:2    | Acquired the +0 hat of Ytuiclip {rN+ Stlth+}
 15360 | Orc:2    | Acquired a manual of Dodging
 15486 | Orc:2    | Killed Josephine
 15671 | Orc:1    | Noticed Sonja
 15677 | Orc:1    | Killed Sonja
 15678 | Orc:1    | Reached skill level 16 in Fighting
 15833 | Orc:1    | Killed blackthorn's ghost
 15903 | Orc:1    | Bought a scratched emerald ring for 135 gold pieces
 15934 | Orc:1    | Bought a potion of flight for 48 gold pieces
 15963 | Orc:1    | Bought a potion of mutation for 136 gold pieces
 15963 | Orc:1    | Bought a potion of haste for 170 gold pieces
 16606 | Lair:1   | Entered Level 1 of the Lair of Beasts
 17570 | Lair:1   | Identified the +3 demon trident of the Lamprey {elec, Drain
                  | *Slow rElec rCorr} (Okawaru gifted it to you on level 1 of
                  | the Lair of Beasts)
 17570 | Lair:1   | Received a gift from Okawaru
 17729 | Lair:2   | Found a staircase to the Snake Pit.
 17745 | Lair:2   | Reached skill level 15 in Armour
 17883 | Lair:2   | Found a gate leading to a gauntlet.
 17899 | Lair:2   | Reached skill level 15 in Polearms
 17908 | Gauntlet | Entered a Gauntlet
 17908 | Gauntlet | Found a transporter.
 17908 | Gauntlet | Found a transporter.
 17912 | Gauntlet | Found a transporter.
 17913 | Gauntlet | Found a transporter.
 17914 | Gauntlet | Found a large runed translucent door.
 17915 | Gauntlet | Found a large runed translucent door.
 17916 | Gauntlet | Found a large runed translucent door.
 17916 | Gauntlet | Found a large runed translucent door.
 17916 | Gauntlet | Found a runed translucent door.
 17917 | Gauntlet | Found a runed translucent door.
 17917 | Gauntlet | Found a large runed translucent door.
 17918 | Gauntlet | Found a large runed translucent door.
 17918 | Gauntlet | Found a large runed translucent door.
 17918 | Gauntlet | Found a large runed translucent door.
 17919 | Gauntlet | Found a large runed translucent door.
 17920 | Gauntlet | Found a large runed translucent door.
 17920 | Gauntlet | Found a transporter.
 17950 | Gauntlet | Found a large runed translucent door.
 17951 | Gauntlet | Found a large runed translucent door.
 17952 | Gauntlet | Found a large runed translucent door.
 17953 | Gauntlet | Found a runed translucent gate.
 17954 | Gauntlet | Found a runed translucent gate.
 17955 | Gauntlet | Found a runed translucent gate.
 17955 | Gauntlet | Found a transporter.
 17959 | Gauntlet | Found a transporter.
 17965 | Gauntlet | Found a transporter.
 17965 | Gauntlet | Found a transporter.
 18178 | Gauntlet | Found a transporter.
 18184 | Gauntlet | Found a large runed translucent door.
 18185 | Gauntlet | Found a large runed translucent door.
 18185 | Gauntlet | Found a large runed translucent door.
 18285 | Gauntlet | Found a transporter.
 18288 | Gauntlet | Found a transporter.
 18328 | Gauntlet | Reached XP level 14. HP: 100/100 MP: 15/15
 18329 | Gauntlet | Reached skill level 17 in Fighting
 18435 | Gauntlet | Identified the +1 ring mail "Hecohoan" {rElec rCorr Int+3}
 18536 | Lair:2   | Identified the +2 robe of Ru's Brutal Revenge {Rampage
                  | Str+5}
 18661 | Lair:2   | Found a staircase to the Shoals.
 18700 | Lair:2   | Received a gift from Okawaru
 19552 | Lair:3   | You are sucked into a shaft and drop 2 floors!
 19552 | Lair:5   | Entered Level 5 of the Lair of Beasts
 20046 | Lair:4   | Noticed Rupert
 20053 | Lair:4   | Noticed Snorg
 20673 | Lair:3   | Noticed Gastronok
 20692 | Lair:3   | Killed Gastronok
 21016 | Lair:4   | Reached skill level 1 in Dodging
 21143 | Lair:4   | Killed Snorg
 21230 | Lair:4   | Reached ****** piety under Okawaru
 21346 | Lair:4   | Paralysed by Rupert for 4 turns
 21360 | Lair:4   | Killed Rupert
 21776 | Lair:4   | Found a viscous altar of Jiyva.
 21782 | Lair:4   | Found a staircase to the Slime Pits.
 21793 | Lair:4   | Received a gift from Okawaru
 22034 | Lair:4   | Reached skill level 5 in Dodging
 22474 | Lair:5   | Reached skill level 18 in Fighting
 22479 | Lair:5   | Reached XP level 15. HP: 104/108 MP: 16/16
 22684 | Lair:5   | Received a gift from Okawaru
 23191 | Lair:5   | Received a gift from Okawaru
 23293 | Lair:5   | Noticed Urug
 23324 | Lair:5   | Killed Urug
 24151 | Orc:2    | Bought a potion of experience for 650 gold pieces
 24151 | Orc:2    | Reached skill level 10 in Dodging
 24151 | Orc:2    | Reached XP level 16. HP: 116/116 MP: 17/17
 24381 | D:12     | Noticed Azrael
 24400 | D:12     | Killed Azrael
 24937 | D:12     | Noticed Kirke
 24959 | D:12     | Reached skill level 1 in Invocations
 24964 | D:12     | Killed Kirke
 25184 | D:13     | Reached skill level 19 in Fighting
 25185 | D:13     | Noticed Erolcha
 25198 | D:13     | Killed Erolcha
 25362 | D:13     | Received a gift from Okawaru
 25410 | D:13     | Found a gate to the Vaults.
 25831 | D:13     | Reached XP level 17. HP: 122/122 MP: 20/20
 25857 | D:13     | HP: 6/122 [meliai/divine providence (14)]
 27647 | D:15     | Entered Level 15 of the Dungeon
 27714 | D:15     | Reached skill level 5 in Shields
 27858 | D:15     | Noticed Louise
 27873 | D:15     | Killed Louise
 28600 | D:15     | Reached skill level 5 in Invocations
 28641 | D:15     | Annihilated by a very large slime creature

Illustrated notes

Levels and vault maps discovered:
D:1:      onia_arrival_zoo_common, layout_basic
D:2:      layout_loops_cross, serial_shops, shop, nicolae_shop_statue_plus,
          nicolae_shop_statue_plus, minmay_tromino_v7
D:3:      layout_loops_ring, mainiacjoe_overflow_brackets,
          mainiacjoe_overflow_catwalk_spiral, uniq_jessica
D:4:      layout_gridville, minmay_temple_entry_crystal_x,
          kennysheep_nondescript
D:5:      layout_cave_pools, tgw_kikubaaqudgha, gammafunk_ghost_nasty_kobolds,
          uniq_ijyb, uniq_grinder, uniq_blork_the_orc
D:6:      layout_loops_ring, mainiacjoe_overflow_divided_tiny, led_sif_pool,
          kennysheep_slug_shrine, nemelex_dance_club_becter
D:7:      layout_cave_pods, enter_bailey_6, serial_shops, nicolae_lakefront_shop
D:8:      layout_basic, grunt_temple_overflow_diamond,
          nicolae_diode_intersection
D:9:      layout_loops_cross
D:10:     layout_irregular_city, mainiacjoe_overflow_small_starburst,
          orc_0_dummy, eino_jars
D:11:     layout_rooms, dpeg_lair_monsters, st_stairs_14
D:12:     layout_irregular_city, uniq_kirke, uniq_azrael
D:13:     regret_index_wax_grids, layout_loops_ring,
          skrybe_vaults_entry_preservation, uniq_erolcha
D:14:     layout_basic, kennysheep_generic_room_11
D:15:     gammafunk_enter_depths_forms, layout_loops_corners, uniq_louise
Temple:   compressed_dpeg_triangle_lava_temple
Lair:1:   layout_cave_pods
Lair:2:   layout_chaotic_city, elwin_shoals_entry_rooms, dummy_snake_entry,
          gauntlet_entry_generic
Lair:3:   layout_loops_ring, portal_ice_cave_entry_ice_simulacra,
          infiniplex_staircase_pool_2, grunt_megastairs_3, uniq_gastronok
Lair:4:   layout_gridlike, minmay_slime_entry_oklob_enclosed,
          lemuel_fruit_fields, uniq_rupert, uniq_snorg
Lair:5:   evilmike_catoblepas_cave, layout_hall_layers, serial_bayou_shore_a,
          uniq_urug
Orc:1:    layout_caves, basic_altar, ebering_ghost_gozag, serial_shops,
          nicolae_shop_waterfront, shop, nicolae_orc_pool_cavern,
          mines_bat_river, uniq_josephine, uniq_sonja
Orc:2:    st_orc_pillars, layout_caves, serial_shops, nicolae_square_shop,
          uniq_nessos

Skill      XL: |  1  2  3  4  5  6  7  8  9 10 11 12 13 14 15 16 17 |
---------------+----------------------------------------------------+-----
Polearms       | 3 4 5 6 7 9 10 12 13 15 16 17 18 | 18.0
Armour         | 4 5 6 7 9 10 12 13 15 16 | 16.2
Fighting       | 4 5 6 7 8 10 13 15 16 18 19 | 19.6
Dodging        | 5 10 12 14 | 14.0
Invocations    | 3 5 |  5.1
Shields        | 5 |  5.6

Action                     |  1- 3 |  4- 6 |  7- 9 | 10-12 | 13-15 | 16-18 || total
---------------------------+-------+-------+-------+-------+-------+-------++-------
  Melee: Trident           |    76 |    83 |   237 |   760 |   204 |       ||  1360
         Peck              |     4 |     7 |    19 |   110 |   234 |   104 ||   478
         Kick              |     7 |     8 |    37 |   185 |   376 |   159 ||   772
         Unarmed           |       |       |       |     1 |       |       ||     1
         Demon trident     |       |       |       |       |   724 |   469 ||  1193
  Throw: Stone             |     7 |    10 |    25 |       |       |       ||    42
         Dart              |       |    30 |     5 |    15 |       |       ||    50
         Boomerang         |       |     6 |     9 |    12 |       |       ||    27
         Javelin           |       |       |       |    25 |    15 |       ||    40
 Invoke: Heroism           |       |       |       |     4 |     3 |     3 ||    10
         Finesse           |       |       |       |     1 |     2 |     1 ||     4
    Use: Scroll            |     1 |     5 |     1 |    13 |    10 |     4 ||    34
         Potion            |       |       |     2 |     3 |     1 |     3 ||     9
 Armour: Scale mail        |    13 |    12 |    25 |       |       |       ||    50
         Chain mail        |       |       |    81 |    12 |       |       ||    93
         Pearl dragon scal |       |       |       |   231 |   174 |       ||   405
         Plate armour      |       |       |       |    29 |   138 |   172 ||   339
  Dodge: Dodged            |    12 |    20 |   163 |   527 |   363 |   212 ||  1297
  Block: Buckler           |     5 |     7 |    52 |   321 |    93 |       ||   478
         Reflection        |       |       |       |     8 |     8 |    25 ||    41
         Kite shield       |       |       |       |       |   388 |   355 ||   743

Table legend: (Time is in decaauts)
 A = Elapsed time spent in this place.
 B = Non-inter-level travel time spent in this place.
 C = Inter-level travel time spent in this place.
 D = Time resting spent in this place.
 E = Time spent auto-exploring this place.
 F = Levels seen in this place.
 G = Mean time per level.
                   A        B        C        D        E       F      G
               +--------+--------+--------+--------+--------+-----+--------+
         Total |  27097 |  25521 |   1576 |   5362 |  12898 |  25 | 1083.9 |
       Dungeon |  15056 |  13994 |   1062 |   2632 |   7578 |  15 | 1003.7 |
        Temple |    235 |    208 |     27 |      0 |    201 |   1 |  235.0 |
          Lair |   6372 |   6165 |    207 |   1212 |   3596 |   5 | 1274.4 |
  Orcish Mines |   3418 |   3139 |    279 |    892 |   1256 |   2 | 1709.0 |
        Bailey |   1524 |   1524 |      0 |    520 |    210 |   1 | 1524.0 |
      Gauntlet |    490 |    490 |      0 |    105 |     54 |   1 |  490.0 |
               +--------+--------+--------+--------+--------+-----+--------+

Top non-repeatable levels by time:
   Orc:2: 2313 daAuts
  Lair:5: 1750 daAuts
  Lair:4: 1544 daAuts
  Bailey: 1524 daAuts
     D:8: 1428 daAuts
    D:10: 1351 daAuts
     D:5: 1337 daAuts
    D:13: 1305 daAuts
     D:7: 1274 daAuts
  Lair:1: 1197 daAuts
  Lair:2: 1113 daAuts
   Orc:1: 1104 daAuts
    D:14: 1046 daAuts
     D:3: 1017 daAuts
    D:15: 912 daAuts
